 Dungeon Crawl Stone Soup version bcrawl-1.39.1 (webtiles) character file.

Game seed: 7622096033567534526

108341 Grijm the Chucker (level 4, -2/38 HPs)
             Began as a Draconian Hunter on Sept 19, 2023.
             Shot with an arrow by a centaur (3 damage)
             ... on level 3 of the Dungeon.
             The game lasted 00:06:15 (2263 turns).

Grijm the Chucker (Draconian Hunter)                Turns: 2263, Time: 00:06:15

Health: -2/38      AC:  5    Str: 14    XL:     4   Next: 14%
Magic:  4/4        EV: 12    Int: 12    God:
Gold:   85         SH:  0    Dex: 12    Spells: 3/3 levels left

rFire    . . .     GDR:     24% m - +0 dagger
rCold    . . .     SeeInvis .   (no shield)
rNeg     . . .     Gourm    .   (armour unavailable)
rPois    .         Faith    .   (helmet restricted)
rElec    .         Spirit   .   (no cloak)
rCorr    .         Reflect  .   (no gloves)
MR       .....                  (no boots)
Stlth    ++........             (no amulet)
HPRegen  0.16/turn              (no ring)
MPRegen  0.09/turn              (no ring)

@: no status effects
A: unfitting armour, cold-blooded, AC +5
a: no special abilities


You were on level 3 of the Dungeon.
You were not hungry.

You visited 1 branch of the dungeon, and saw 3 of its levels.

You collected 85 gold pieces.

Inventory:

Hand Weapons
 a - a +0 short sword
 m - a +0 dagger (weapon)
Missiles
 b - 151 javelins (quivered)
 c - 2 throwing nets {=f}
 f - 612 stones
 g - 129 arrows
 h - 458 sling bullets
 k - 157 bolts
Scrolls
 j - a scroll of enchant weapon {unknown}
 p - a scroll of blinking {unknown}
 q - a scroll of fear {unknown}
 t - a scroll of enchant armour {unknown}
 u - a scroll of teleportation {unknown}
Potions
 i - 2 potions of heal wounds {unknown}
 l - a potion of might
 n - a potion of haste {unknown}
 o - a potion of invisibility {unknown}
 r - a potion of mutation {unknown}
Comestibles
 e - 8 rations {!d}
 s - 2 chunks of flesh


   Skills:
 + Level 3.2 Fighting
 + Level 2.3 Short Blades
 - Level 4.0 Throwing
 - Level 2.0 Dodging
 - Level 1.0 Stealth


You had 3 spell levels left.
You didn't know any spells.
Your spell library was empty.

Dungeon Overview and Level Annotations

Branches:
Dungeon (3/12)

Altars:


Innate Abilities, Weirdness & Mutations

Your plain brown scales are hard. (AC +5)
You cannot fit into any form of body armour.
You are cold-blooded and may be slowed by cold attacks.


Message History

You are no longer poisoned.
The orc hits you with a +0 trident.
You closely miss the orc. The orc hits you with a +0 trident.
You hit the orc but do no damage. You closely miss the orc.
Your tail-slap misses the orc.
The orc hits you with a +0 trident. The orc misses you.
The centaur wields a +0 shortbow.
The centaur shoots an arrow.
The arrow misses you.
The centaur shoots an arrow.
The arrow hits you!
* * * LOW HITPOINT WARNING * * *
Really walk into that teleport trap?
You enter a teleport trap!
The teleport trap disappears.
Your surroundings suddenly seem different.
The centaur shoots an arrow.
The arrow hits you.
* * * LOW HITPOINT WARNING * * *
As you read the scroll of fog, it crumbles to dust.
The scroll dissolves into smoke.
The centaur shoots an arrow.
The arrow hits you.
You die...

### ####### ###.. c
##.....## #)... o
##.......## ####.#).
#.......§.#
######....#..
#.......§§#
#......####.#
#.......§@####.######
#..# ##
#.......§§§...>#
##.## .#
#.........###### #..#
.### #.........# #.##
.c.#####.........#
#####.###
##..c.##.........#
#........
#####.##.c)......#
##........ ..#
#..).........#
##)........
#.####.).)......##
#..........


You could see a centaur.

Vanquished Creatures
  An adder (D:2)
  2 worms (D:2)
  A dart slug (D:1)
  3 orcs (D:3)
  6 bats
  2 giant cockroaches
  5 goblins
  12 hobgoblins
  9 kobolds
  A quokka (D:3)
  2 ball pythons
  3 frilled lizards (D:1)
  5 rats
52 creatures vanquished.

Vanquished Creatures (others)
  A bat (D:1)
1 creature vanquished.

Grand Total: 53 creatures vanquished

Notes
Turn   | Place    | Note
-------+----------+-------------------------------------------
     0 | D:1      | Grijm the Draconian Hunter began the quest for the Orb.
     0 | D:1      | Reached XP level 1. HP: 17/17 MP: 1/1
   228 | D:1      | Reached XP level 2. HP: 26/26 MP: 2/2
   376 | D:1      | Reached skill level 1 in Short Blades
  1014 | D:2      | Reached XP level 3. HP: 31/31 MP: 3/3
  1321 | D:2      | Reached skill level 4 in Throwing
  2031 | D:3      | Reached XP level 4. HP: 34/38 MP: 4/4
  2213 | D:3      | Noticed a centaur
  2262 | D:3      | HP: 1/38 [centaur/arrow (6)]
  2263 | D:3      | Shot with an arrow by a centaur

Skill      XL: |  1  2  3 |
---------------+----------+-----
Fighting       | 3 |  3.2
Short Blades   | 2 |  2.3
Dodging        | 2 |  2.0
Throwing       | 4 |  4.0
Stealth        | |  1.0

Action                   |  1- 3 |  4- 6 || total
-------------------------+-------+-------++-------
Melee: Short sword       |    73 |       ||    73
       Tailslap          |    24 |     1 ||    25
       Dagger            |   105 |    28 ||   133
Throw: Javelin           |    25 |     4 ||    29
  Use: Scroll            |     2 |     1 ||     3
 Stab: Sleeping          |     1 |       ||     1
  Eat: Chunk             |     8 |     2 ||    10
Armor: Skin              |    45 |     4 ||    49
Dodge: Dodged            |    93 |    20 ||   113
